AoeStats
← tr3tr2tr1

Arabia

510293454Analyzed
2v2 RM · 1d ago on Sep 30, 2026· 21m 34s· 4 players
Game mode
Random Map
Map size
Medium (4 player)
Population
200
Speed
Normal
Resources
Standard
Victory
Conquest
Starting age
Dark Age
Ending age
Imperial Age
RankedLock teamsTeams togetherTeam positionsShared explorationLock speedFull tech treeHidden civsTurbo modeCheats
Victory
Defeat
🇺🇸 Byzantines · United States
863
+18
🇹🇷 Khmer · Türkiye
809
+39
🇫🇷 Mongols · France
905
-19
🇮🇳 Britons · India
899
-19
tr3tr2tr1
14:44 Feudal Age
15:23 Horse Collar
15:37 Double-Bit Axe
17:09 Bloodlines
22:19 Forging
kinchman
1:53 Loom
2:15 Loom
11:32 Feudal Age
12:11 Double-Bit Axe
17:43 Fletching
17:54 Scale Mail Armor
17:56 Padded Archer Armor
18:40 Forging
23:14 Castle Age
mlouissylvestre
thatzprem
5:16 Loom
10:49 Feudal Age
11:31 Double-Bit Axe
18:03 Castle Age
15:59 Stone Mining
17:08 Double-Bit Axe
17:05 Horse Collar
Connection lost

Rejoining the realm…

Still unreachable

The connection could not be restored.

Session expired

The server has moved on; the page needs a fresh start.